 Dungeon Crawl Stone Soup version 0.25-a0-1007-g10a8c3caa8 (webtiles) character file.

Game seed: 8237290157711251541, levelgen mode: deterministic

148 Hasart the Chiller (level 5, -4/28 HPs)
             Began as a Deep Elf Ice Elementalist on May 11, 2020.
             Slain by Grinder (9 damage)
             ... on level 3 of the Dungeon.
             The game lasted 00:04:02 (2161 turns).

Hasart the Chiller (Deep Elf Ice Elementalist)      Turns: 2161, Time: 00:04:02

Health: -4/28      AC:  3    Str:  5    XL:     5   Next: 8%
Magic:  10/13      EV: 14    Int: 21    God:
Gold:   222        SH:  0    Dex: 15    Spells: 4/12 levels left

rFire    . . .     SeeInvis .   d - +0 spear
rCold    . . .     Gourm    .   (no shield)
rNeg     . . .     Faith    .   a - +0 robe
rPois    .         Spirit   .   (no helmet)
rElec    .         Reflect  .   (no cloak)
rCorr    .         Harm     .   k - +0 pair of gloves
MR       .....                  (no boots)
Stlth    ++........             (no amulet)
HPRegen  0.09/turn              (no ring)
MPRegen  0.13/turn              (no ring)

@: mighty
A: no striking features
a: no special abilities


You were on level 3 of the Dungeon.
You were not hungry.

You visited 1 branch of the dungeon, and saw 3 of its levels.

You collected 222 gold pieces.

Inventory:

Hand Weapons
 d - a +0 spear (weapon)
Armour
 a - a +0 robe (worn)
 k - a +0 pair of gloves (worn)
Jewellery
 i - an uncursed amulet of faith {unknown}
Scrolls
 e - 5 scrolls of identify {unknown}
 f - a scroll of magic mapping {unknown}
 g - 4 scrolls of teleportation {unknown}
 l - a scroll of enchant weapon {unknown}
 n - a scroll of enchant armour {unknown}
Potions
 h - a potion of heal wounds
 m - a potion of brilliance {unknown}
 o - 2 potions of curing {unknown}
Comestibles
 b - a chunk of flesh
 c - 5 rations


   Skills:
 + Level 3.7 Dodging
 - Level 2.4 Stealth
 + Level 4.3 Spellcasting
 + Level 0.3 Summonings
 * Level 5.8 Ice Magic


You had 4 spell levels left.
You knew the following spells:

 Your Spells              Type           Power        Failure   Level  Hunger
a - Freeze                Ice            ####         1%          1    None
b - Frozen Ramparts       Ice            ####..       3%          3    ##.....
c - Summon Ice Beast      Ice/Summ       ###.....     32%         4    ####...

Your spell library contained the following spells:

 Spells                   Type           Power        Failure   Level  Hunger
 Ozocubu's Armour         Chrm/Ice       ###.....     11%         3    ##.....
 Hailstorm                Conj/Ice       ###.....     34%         4    ####...


Dungeon Overview and Level Annotations

Branches:
Dungeon (3/15)

Altars:
Ashenzari

Annotations:
D:3 Grinder, Ijyb


Message History

You puncture Grinder!
Grinder is lightly wounded.
Grinder resists.
The wall freezes Grinder.
Grinder completely misses you.
Grinder resists.
The wall freezes Grinder.
Grinder misses you.
You closely miss Grinder.
Grinder is moderately wounded.
Grinder resists.
The wall freezes Grinder.
Grinder gestures at you. Pain shoots through your body!
* * * LOW HITPOINT WARNING * * *
You barely miss Grinder.
Grinder is moderately wounded.
The frozen ramparts melt away.
Grinder gestures at you. Pain shoots through your body!
* * * LOW HITPOINT WARNING * * *
You closely miss Grinder.
Grinder is moderately wounded.
Grinder hits you!
You die...

......>............#
.........(.........# ..#
..........)........# ...#
...........†.......# #..(#
...................# #...#
............g.....####...#
...........).............#
......######5##........>.#
...... #.@#.........<#
...... #!.......(....#
.... ####..........#
#.......#### #####.....##
...........# #.........#
#.#.......# ##...<.##


You could see Grinder and Ijyb.

Vanquished Creatures
  4 gnolls (D:2)
  3 adders
  2 worms (D:2)
  4 leopard geckos
  An orc (D:3)
  A ball python (D:3)
  3 giant cockroaches
  11 hobgoblins
  8 jackals
  2 quokkas (D:2)
  8 bats
  2 frilled lizards (D:1)
  5 goblins
  9 kobolds
  6 rats
69 creatures vanquished.

Notes
Turn   | Place    | Note
-------+----------+-------------------------------------------
     0 | D:1      | Hasart the Deep Elf Ice Elementalist began the quest for
                  | the Orb.
     0 | D:1      | Reached XP level 1. HP: 10/10 MP: 6/6
   108 | D:1      | Found a shattered altar of Ashenzari.
   126 | D:1      | Reached XP level 2. HP: 15/15 MP: 2/8
   788 | D:1      | Reached skill level 5 in Ice Magic
   851 | D:1      | Reached XP level 3. HP: 19/19 MP: 8/10
   860 | D:1      | Learned a level 3 spell: Frozen Ramparts
  1097 | D:2      | Reached XP level 4. HP: 19/24 MP: 0/12
  1812 | D:2      | Learned a level 4 spell: Summon Ice Beast
  2086 | D:3      | Reached XP level 5. HP: 28/28 MP: 10/13
  2136 | D:3      | Noticed Grinder
  2139 | D:3      | Paralysed by Grinder for 6 turns
  2141 | D:3      | Noticed Ijyb
  2161 | D:3      | Slain by Grinder

Illustrated notes

Levels and vault maps discovered:
D:1:      dpeg_arrival_erosion, layout_basic, ashenzari_altar_1
D:2:      layout_basic, minmay_diced_spiral
D:3:      minmay_diamond_boxcup, layout_rooms,
          grunt_temple_overflow_order_and_chaos_2, old_standard_altar,
          first_ration, uniq_natasha, uniq_ijyb, uniq_grinder

Skill      XL: |  1  2  3 |
---------------+----------+-----
Ice Magic      | 5 |  5.8
Dodging        | 3 |  3.7
Spellcasting   | 4 |  4.3
Stealth        | |  2.4
Summonings     | |  0.3

Action                   |  1- 3 |  4- 6 || total
-------------------------+-------+-------++-------
Melee: Spear             |    16 |    17 ||    33
 Cast: Freeze            |    37 |    45 ||    82
       Frozen Ramparts   |     4 |     2 ||     6
  Use: Potion            |       |     2 ||     2
 Stab: Sleeping          |     1 |       ||     1
  Eat: Chunk             |     1 |     3 ||     4
Armor: Robe              |    10 |     7 ||    17
Dodge: Dodged            |    37 |    33 ||    70

Table legend:
 A = Non-vault XP
 B = Vault XP
 C = Vault XP percentage of total XP
 D = Non-vault monster count
 E = Vault monster count
 F = Vault count percentage of total count
                 A         B        C        D         E       F
            +---------+---------+-------+---------+---------+-------
      Total |     209 |       3 |   1.4 |      67 |       2 |   2.9
            +---------+---------+-------+---------+---------+-------
        D:1 |      47 |       0 |   0.0 |      28 |       0 |   0.0
        D:2 |     140 |       3 |   2.1 |      34 |       2 |   5.6
        D:3 |      22 |       0 |   0.0 |       5 |       0 |   0.0
            +---------+---------+-------+---------+---------+-------
